 Dungeon Crawl Stone Soup version 0.28-a0-413-gde365fb1df (webtiles) character file.

Game seed: 11571101153865425443

8318 robertstho the Thaumaturge (level 11, 0/78 HPs)
             Began as a Djinni Fire Elementalist on Sept 7, 2021.
             Was an Initiate of Gozag.
             Slain by a two-headed ogre (28 damage)
             ... on level 9 of the Dungeon.
             The game lasted 00:18:45 (13900 turns).

robertstho the Thaumaturge (DjFE)                  Turns: 13900, Time: 00:18:46

Health: 0/78       AC:  7    Str:  6    XL:     11   Next: 53%
Gold:   377        EV: 14    Int: 23    God:    Gozag SH:  0 Dex: 14

rFire   + + +      SeeInvis .   E - +8 halberd "Earthworm" {pain, rElec Int+3}
rCold   x x .      Faith    .   (shield currently unavailable)
rNeg    + . .      Spirit   .   a - +0 robe
rPois   ∞          Reflect  .   (no helmet)
rElec   +          Harm     .   u - +2 ratskin cloak {*Rats rPois rN+ Str-1 Int-1 Dex+1}
rCorr   .          Rampage  .   b - +1 pair of gloves
Will    +....                   (boots unavailable)
Stlth   +++.......              (no amulet)
HPRegen 0.23/turn               f - ring of fire
MPRegen 0.00/turn               q - ring of wizardry

@: gold aura, flying
A: sickness immunity, fire resistance 2, cold vulnerability 1, float, innate
caster, hp casting, extra vitality 1
a: Renounce Religion, Potion Petition, Call Merchant, Bribe Branch


You were on level 9 of the Dungeon.
You worshipped Gozag.
Gozag was aware of your devotion.
You visited 2 branches of the dungeon, and saw 11 of its levels.
You also visited: Ossuary.

You collected 826 gold pieces.
You spent 306 gold pieces at shops.
You paid 143 gold pieces to Gozag.

Inventory:

Hand Weapons
 j - a +2 dagger of venom
 k - a +2 spectral quarterstaff
 E - the +8 halberd "Earthworm" (weapon) {pain, rElec Int+3}
   (You bought it in a shop on level 9 of the Dungeon)

   In the hands of one skilled in necromantic magic, it inflicts extra damage on
   living creatures.
   Int:       It affects your intelligence (+3).
   rElec:     It insulates you from electricity.
Missiles
 p - a throwing net
Armour
 a - a +0 robe (worn)
 b - a +1 pair of gloves (worn)
 m - a +0 cloak
 u - the +2 ratskin cloak (worn) {*Rats rPois rN+ Str-1 Int-1 Dex+1}
   (You found it on level 6 of the Dungeon)

   When the wearer is hurt, rats may emerge from it to assist them.
   Str:       It affects your strength (-1).
   Int:       It affects your intelligence (-1).
   Dex:       It affects your dexterity (+1).
   rPois:     It protects you from poison.
   rN:        It protects you from negative energy.
 A - a +2 leather armour of cold resistance
Jewellery
 f - a ring of fire (left hand)
 q - a ring of wizardry (right hand)
Wands
 o - a wand of mindburst (26)
 r - a wand of polymorph (6)
 s - a wand of flame (13)
 v - a wand of iceblast (5)
Scrolls
 c - 2 scrolls of enchant armour
 d - 2 scrolls of enchant weapon
 t - 5 scrolls of vulnerability
 y - a scroll of magic mapping
Potions
 e - 2 potions of invisibility {unknown}
 g - 2 potions of flight {unknown}
 h - 2 potions of brilliance
 i - a potion of curing
 l - a potion of magic {unknown}
 n - 3 potions of mutation {unknown}
 x - a potion of resistance
 z - 2 potions of lignification
Miscellaneous
 C - a box of beasts


   Skills:
 * Level 6.4 Fighting
 + Level 5.9 Staves
 + Level 5.1 Dodging
 + Level 4.6 Stealth
 * Level 10.3 Spellcasting


You had 3 spell levels left.
You knew the following spells:

 Your Spells              Type           Power      Damage    Failure   Level
a - Foxfire               Conj/Fire      100%       2x1d9     1%          1
b - Scorch                Fire           100%       2d10      1%          2
c - Conjure Flame         Conj/Fire      73%        6-21      1%          3
d - Inner Flame           Hex/Fire       73%        N/A       1%          3
e - Flame Wave            Conj/Fire      73%        3d13      1%          4
f - Freeze                Ice            100%       1d11      1%          1
g - Slow                  Hex            56%        N/A       1%          2
h - Summon Guardian Gole  Hex/Summ       56%        N/A       1%          3
i - Mephitic Cloud        Conj/Pois/Air  56%        N/A       1%          3
j - Freezing Cloud        Conj/Ice/Air   28%        6-21      1%          5
Your spell library was empty.

Dungeon Overview and Level Annotations

Branches:
Dungeon (10/15)            Temple (1/1) D:7            Lair (0/6) D:8
    Orc (0/2) D:9         Ossuary (visited)

Altars:
Ashenzari
Cheibriados
Gozag
Hepliaklqana
Kikubaaqudgha
Makhleb
Nemelex Xobeh
Okawaru
Qazlal
Ru
Sif Muna
Trog
Uskayaw
Vehumet
Xom
Yredelemnul
Zin
The Shining One
Beogh

Shops:
D:1 *   D:2 [*=[*   D:7 *   D:9 (

Annotations:
D:1 Good shop
D:2 Armour shop
D:4 3 runed translucent doors, Phlounder's ghost, amateur DsEE; SirDiesAlot's ghost, amateur MiGl
D:8 2 transporters, ooooo's ghost, novice FeCj
D:9 Joseph


Innate Abilities, Weirdness & Mutations

You are immune to sickness and miasma.
You are immune to poison.
Your flesh is very heat resistant. (rF++)
You are vulnerable to cold. (rC-)
You float through the air rather than walking.
You learn spells naturally, not from books.
Your magical power is your life essence.
You have superior vitality. (+4 HP)


Message History

You start resting.
HP restored.
You fly downwards.
Level annotation: Joseph The bullfrog hits you but does no damage.
The yak misses you. The bullfrog misses you.
The orc hits you but does no damage.
Joseph shoots a sling bullet.
The sling bullet hits you! The two-headed ogre closely misses you.
The two-headed ogre misses you. The yak closely misses you.
There is a stone staircase leading up here.
Casting: Flame Wave (safe; 1% risk of failure)
Confirm with . or Enter, or press ? or * to list all spells.
Casting: Flame Wave (safe; 1% risk of failure)
Press: ? - help, Dir - look around, f - activate You feel a surge of power!
A wave of flame ripples out!
The flame wave engulfs the orc!!
You kill the orc!
The flame wave engulfs the yak!!
The yak is heavily wounded.
The flame wave engulfs the two-headed ogre!!
The two-headed ogre is heavily wounded.
The flame wave engulfs the bullfrog!!
You kill the bullfrog! (Press . to intensify the flame waves.) Joseph shoots a sling bullet.
The sling bullet completely misses you. The two-headed ogre closely misses you.
The two-headed ogre hits you with a +0 giant spiked club.
The yak gores you.
A wave of flame ripples out!
The flame wave engulfs the yak.
The yak is lightly wounded.
The flame wave engulfs the yak!
The yak is severely wounded.
The flame wave engulfs the two-headed ogre!!
The two-headed ogre is almost dead.
Joseph shoots a sling bullet.
The sling bullet hits you!
The orc is distracted by your dazzling golden aura.
The yak gores you! The two-headed ogre misses you.
The two-headed ogre hits you with a +0 giant spiked club!!
You die...
Your body crumbles into a pile of gold.

,,,,,,,,,,,,,,,,,,,,,,,,≈≈≈,**,,,
,,,,,,,,,.....g........≈≈≈≈≈**,**
*,,,,,,,,[g..........o..≈≈≈..#.,*
,,,,,,,,,................≈.......
*,,,,,,,,,...................o...
,,,,,,,,≈≈≈≈≈$$..........o.......
*,,≈,,,,≈**,*#§..................
,,≈≈≈,,,≈*,,,#§$Y$$........$.....
,≈≈≈≈≈,,≈*,∩,#§.@Y...o...........
,,≈≈≈,,,≈*,,,#§.O............$...
,,,≈,,,,≈****#§......[......o...$
,,,,,,,,≈≈≈≈≈≈≈..............?..§
,,,,,,,,,,.....................°§
,,,,,,,,,.........[......≈.......
,*,,,,,,,...............≈≈≈...#..
**,,,,,,,............@.≈≈≈≈≈.###.
**,,,,,,,,,.............≈≈≈..#..#


You could see Joseph, a two-headed ogre, 2 yaks, an orc warrior, an orc
(unaware) and 2 goblins.

Vanquished Creatures
  Pikel (D:6)
  4 lindwurms (D:8)
  A gargoyle (D:10)
  Sigmund (D:3)
  A wraith (Ossuary)
  7 yaks
  Eustachio (D:6)
  A water moccasin (D:8)
  2 orc warriors (D:7)
  2 ogres
  2 centaurs
  A necrophage (D:5)
  A lemure (D:5)
  A phantom (D:4)
  2 kobold brigands
  2 bullfrogs
  3 scorpions
  A water moccasin zombie (D:6)
  A water moccasin skeleton (D:5)
  A wyvern skeleton (D:6)
  6 wights
  4 centaur zombies
  A howler monkey (D:4)
  2 bullfrog zombies
  A hound (D:5)
  A bullfrog skeleton (D:6)
  2 orc priests
  A centaur skeleton (D:5)
  2 iguanas (D:6)
  4 scorpion zombies
  Natasha (thrice) (D:4)
  3 orc wizards (D:7)
  6 hell rats (D:6)
  A killer bee zombie (D:5)
  A hound zombie (D:4)
  2 howler monkey zombies
  A mummy (Ossuary)
  A gnoll (D:1)
  21 river rats (D:6)
  4 adders
  An ufetubus (D:6)
  3 worms
  3 adder skeletons (D:4)
  3 adder zombies (D:4)
  3 dart slugs
  30 orcs
  6 endoplasms
  4 giant cockroaches
  12 goblins
  6 hobgoblins
  19 kobolds
  9 quokkas
  3 ball pythons (D:1)
  3 bats
  2 frilled lizards (D:1)
  5 gnoll skeletons (Ossuary)
  6 kobold skeletons (Ossuary)
  14 orc skeletons (Ossuary)
  4 rats
239 creatures vanquished.

Vanquished Creatures (collateral kills)
  An orc priest (D:9)
  An orc (D:7)
  4 foxfires (D:1)
6 creatures vanquished.

Vanquished Creatures (others)
  Erica (D:9)
  Maggie (D:9)
  3 yaks (D:6)
  An acid dragon (D:9)
  294 foxfires
  5 withered plants (D:4)
305 creatures vanquished.

Grand Total: 550 creatures vanquished

Notes
Turn   | Place    | Note
-------+----------+-------------------------------------------
     0 | D:1      | robertstho the Djinni Fire Elementalist began the quest for
                  | the Orb.
     0 | D:1      | Reached XP level 1. HP: 15/15 MP: 0/0
   714 | D:1      | Reached XP level 2. HP: 20/21 MP: 0/0
   742 | D:1      | Found a faded altar of an unknown god.
  1102 | D:1      | Reached skill level 3 in Spellcasting
  1102 | D:1      | Reached XP level 3. HP: 23/26 MP: 0/0
  1102 | D:1      | Learned a level 1 spell: Freeze
  2429 | D:1      | Found Bicobafo's Assorted Antiques.
  2602 | D:2      | Found Ucsyceu's Armour Boutique.
  2736 | D:2      | Reached XP level 4. HP: 20/31 MP: 0/0
  2876 | D:2      | Found Xuhoshoss's Armour Emporium.
  2891 | D:2      | Found Foufuqo's Assorted Antiques.
  3556 | D:2      | Found Eculoc's Assorted Antiques.
  3556 | D:2      | Found Xustreu's Jewellery Boutique.
  3942 | D:3      | Noticed a scorpion
  3972 | D:3      | Killed a scorpion
  3973 | D:3      | Reached skill level 1 in Fighting
  3973 | D:3      | Reached skill level 4 in Spellcasting
  3973 | D:3      | Reached XP level 5. HP: 28/37 MP: 0/0
  3973 | D:3      | Learned a level 2 spell: Slow
  4454 | D:3      | Noticed Sigmund
  4465 | D:3      | Killed Sigmund
  4466 | D:3      | Reached XP level 6. HP: 36/42 MP: 0/0
  5067 | D:4      | Reached skill level 5 in Spellcasting
  5074 | D:4      | Reached XP level 7. HP: 18/48 MP: 0/0
  5074 | D:4      | Learned a level 3 spell: Summon Guardian Golem
  5547 | D:4      | Noticed Natasha
  5552 | D:4      | Killed Natasha
  6348 | D:4      | Noticed Natasha
  6353 | D:4      | Killed Natasha
  6515 | D:4      | Found a runed translucent gate.
  6515 | D:4      | Found a runed translucent gate.
  6517 | D:4      | Found a runed translucent gate.
  6519 | D:4      | Noticed Phlounder's ghost (amateur DsEE)
  6519 | D:4      | Noticed SirDiesAlot's ghost (amateur MiGl)
  6756 | D:4      | Found a snail-covered altar of Cheibriados.
  6765 | D:4      | Reached skill level 6 in Spellcasting
  6765 | D:4      | Reached XP level 8. HP: 41/55 MP: 0/0
  6880 | D:4      | Noticed Natasha
  6885 | D:4      | Killed Natasha
  7028 | D:5      | Entered Level 5 of the Dungeon
  7066 | D:5      | Found a glowing golden altar of the Shining One.
  7280 | D:5      | Reached skill level 1 in Staves
  8171 | D:6      | Noticed Pikel
  8580 | D:6      | Reached skill level 7 in Spellcasting
  8768 | D:6      | Reached XP level 9. HP: 58/61 MP: 0/0
  8768 | D:6      | Learned a level 3 spell: Mephitic Cloud
  8796 | D:6      | Found a hide-covered altar of Uskayaw.
  8801 | D:6      | Noticed Eustachio
  8806 | D:6      | Killed Pikel
  9043 | D:6      | Reached skill level 8 in Spellcasting
  9355 | D:6      | Killed Eustachio
  9936 | D:6      | Reached XP level 10. HP: 38/69 MP: 0/0
 10163 | D:6      | Found the +2 ratskin cloak {*Rats rPois rN+ Str-1 Int-1
                  | Dex+1}
 10271 | D:6      | Identified the +2 robe of Impressiveness {-Cast Str+10
                  | Int-4}
 10468 | D:7      | Identified a scroll of acquirement
 10468 | D:7      | Acquired a ring of wizardry
 10471 | D:7      | Found Astragel's Elemental Accessories.
 10540 | D:7      | Found a bloodstained altar of Trog.
 10578 | D:7      | Found a glowing silver altar of Zin.
 10635 | D:7      | Found a sand-covered staircase.
 10649 | Ossuary  | Entered an ossuary
 10827 | Ossuary  | Reached skill level 9 in Spellcasting
 11042 | D:7      | Found a staircase to the Ecumenical Temple.
 11061 | D:7      | Found a runed translucent door.
 11425 | D:7      | Reached skill level 5 in Fighting
 11808 | Temple   | Entered the Ecumenical Temple
 11887 | Temple   | Became a worshipper of Gozag Ym Sagoz the Greedy
 12015 | D:8      | Noticed ooooo's ghost (novice FeCj)
 12018 | D:8      | Found a transporter.
 12062 | D:8      | Found a transporter.
 12171 | D:8      | Noticed a lindwurm
 12172 | D:8      | Noticed a lindwurm
 12172 | D:8      | Noticed a lindwurm
 12173 | D:8      | Noticed a lindwurm
 12178 | D:8      | Killed a lindwurm
 12181 | D:8      | Killed a lindwurm
 12190 | D:8      | Killed a lindwurm
 12433 | D:8      | Killed a lindwurm
 12434 | D:8      | Reached XP level 11. HP: 37/76 MP: 0/0
 12434 | D:8      | Learned a level 5 spell: Freezing Cloud
 12656 | D:8      | Reached skill level 5 in Staves
 12661 | D:8      | Reached skill level 10 in Spellcasting
 12749 | D:8      | Found a staircase to the Lair.
 13041 | D:8      | You are sucked into a shaft and drop 2 floors!
 13041 | D:10     | Entered Level 10 of the Dungeon
 13088 | D:9      | Found Avvisaesh's Antique Weapon Shop.
 13091 | D:9      | Bought a glimmering halberd for 207 gold pieces
 13091 | D:9      | Identified the +8 halberd "Earthworm" {pain, rElec Int+3}
                  | (You bought it in a shop on level 9 of the Dungeon)
 13097 | D:9      | Noticed Erica
 13101 | D:9      | Noticed Maggie
 13104 | D:9      | Killed Erica
 13111 | D:9      | Noticed Joseph
 13116 | D:9      | Killed Maggie
 13128 | D:9      | HP: 2/77 [goblin (3)]
 13729 | D:7      | Bought a wand of iceblast (5) for 99 gold pieces
 13779 | D:9      | Reached skill level 5 in Dodging
 13780 | D:9      | Noticed a two-headed ogre
 13900 | D:9      | Slain by a two-headed ogre

Illustrated notes

Levels and vault maps discovered:
D:1:      erik_arrival_cave_to_civilisation [erik_arrival_cave_to_hall],
          layout_basic, serial_co_window_serial, co_window_corner_a,
          co_window_corner_a, co_window_corner_a, co_window_of_opportunity_a,
          co_window_of_opportunity_a, co_window_corner_a, co_window_corner_b,
          co_window_unsneaky_path_a, co_window_cross_2, co_window_paths_e,
          dreamdust_ecumenical_altar_grove, serial_shops, nicolae_shop_stone,
          st_stairs_5
D:2:      layout_rooms, serial_shops, nicolae_diamond_shop, shop,
          nicolae_shop_trees, shop, nicolae_square_shop,
          minmay_misc_feat_four_crosses
D:3:      layout_loops_corners, serial_rivers, chequers_serial_rivers_small_3,
          chequers_serial_rivers_room_b, chequers_serial_rivers_micro_e,
          chequers_serial_rivers_small_b, chequers_serial_rivers_large_a,
          chequers_serial_rivers_micro_a, st_stairs_5, uniq_sigmund
D:4:      layout_basic, kennysheep_slug_shrine, old_standard_altar,
          serial_undead, serial_undead_c, serial_undead_d, serial_undead_e,
          serial_undead_e, gammafunk_ghost_cemetery, minmay_cut_off,
          uniq_natasha
D:5:      layout_loops_ring, tso_metal_star
D:6:      wander_guarded_unrand_ratskin, layout_rooms, lemuel_crystal_altar,
          minmay_tree_intersection, uniq_pikel, uniq_eustachio
D:7:      layout_rooms, zin_academy, mainiacjoe_overflow_six_doors_small,
          minmay_temple_entry_offerings, nicolae_ossuary_entry_monument,
          nicolae_elemental_shop, lightli_church_of_beogh
D:8:      layout_gridville, lair_entry_dummy, gammafunk_ghost_arena,
          minmay_misc_feat_roman, minmay_lindwurm_lava
D:9:      layout_big_octagon, serial_shops, nicolae_stop_n_shop_2, serial_glass,
          glass_columns_a, glass_columns_b, enter_bailey_3,
          kennysheep_cluttered_room, uniq_maggie, uniq_erica, uniq_joseph,
          uniq_prince_ribbit1
D:10:     layout_small_grid
Temple:   regret_index_temple_sphere_string

Skill      XL: |  1  2  3  4  5  6  7  8  9 10 11 |
---------------+----------------------------------+-----
Spellcasting   | 3 4 5 6 7 8 9 10 | 10.3
Stealth        | 2 3 4 |  4.6
Fighting       | 1 2 3 4 5 6 |  6.4
Staves         | 2 3 4 5 |  5.9
Dodging        | 3 4 5 |  5.1

Action                   |  1- 3 |  4- 6 |  7- 9 | 10-12 || total
-------------------------+-------+-------+-------+-------++-------
Melee: Quarterstaff      |       |       |   110 |    68 ||   178
 Cast: Foxfire           |    88 |    86 |     3 |     6 ||   183
       Scorch            |       |    18 |   119 |    35 ||   172
       Summon Guardian G |       |       |     2 |     5 ||     7
       Mephitic Cloud    |       |       |     1 |    10 ||    11
       Flame Wave        |       |       |     1 |    10 ||    11
  Use: Potion            |       |     5 |     1 |     4 ||    10
       Scroll            |       |     3 |     5 |     9 ||    17
 Stab: Sleeping          |       |       |     6 |       ||     6
       Confused          |       |       |     2 |     3 ||     5
       Distracted        |       |       |       |     1 ||     1
Armor: Robe              |     3 |     6 |    29 |    30 ||    68
Dodge: Dodged            |     5 |    18 |   110 |    79 ||   212

Table legend: (Time is in decaauts)
 A = Elapsed time spent in this place.
 B = Non-inter-level travel time spent in this place.
 C = Inter-level travel time spent in this place.
 D = Time resting spent in this place.
 E = Time spent auto-exploring this place.
 F = Levels seen in this place.
 G = Mean time per level.
                   A        B        C        D        E       F      G
               +--------+--------+--------+--------+--------+-----+--------+
         Total |  13881 |  13266 |    615 |   1695 |   9968 |  12 | 1156.8 |
       Dungeon |  13426 |  12824 |    602 |   1695 |   9642 |  10 | 1342.6 |
        Temple |     92 |     79 |     13 |      0 |     65 |   1 |   92.0 |
       Ossuary |    362 |    362 |      0 |      0 |    261 |   1 |  362.0 |
               +--------+--------+--------+--------+--------+-----+--------+

Top non-repeatable levels by time:
     D:1: 2601 daAuts
     D:4: 1882 daAuts
     D:8: 1770 daAuts
     D:5: 1770 daAuts
     D:6: 1669 daAuts
     D:3: 1464 daAuts
     D:7: 1132 daAuts
     D:2: 1042 daAuts
 Ossuary: 362 daAuts
  Temple: 92 daAuts
    D:10: 47 daAuts
     D:9: 45 daAuts
